TOP OF THE 1ST |
Memphis Redbirds batting - Pitching for Las Vegas 51s : RHP Felipe Hinojosa
|
Pitching: RHP Felipe Hinojosa
|
|
Batting: SHB Luke Robbins
|
0-0: Foul Ball, location: 2F 0-1: Called Strike 0-2: Ball 1-2: Foul Ball, location: 2F 1-2: Ground out 5-3 (Groundball, 56, EV 80.0 MPH)
|
Batting: LHB Tom Butterbaugh
|
0-0: Called Strike 0-1: Called Strike 0-2: Ground out 6-3 (Groundball, 6, EV 90.6 MPH)
|
Batting: RHB Eric Chotkowski
|
0-0: Called Strike 0-1: Called Strike 0-2: Strikes out looking
|
Top of the 1st over - 0 runs, 0 hits, 0 errors, 0 left on base; Memphis 0 - Las Vegas 0 |
BOTTOM OF THE 1ST |
Las Vegas 51s batting - Pitching for Memphis Redbirds : RHP Elijah Daniels
|
Pitching: RHP Elijah Daniels
|
|
Batting: RHB Jordan Martin
|
0-0: Ball 1-0: Ground out 5-3 (Groundball, 56S, EV 83.8 MPH)
|
Batting: SHB Roberto Magne
|
0-0: Ball 1-0: Called Strike 1-1: Foul Ball, location: 2F 1-2: Ball 2-2: Ball 3-2: Foul Ball, location: 2F 3-2: SINGLE (Groundball, 3D, EV 94.4 MPH)
|
Batting: SHB Josh Schultze
|
0-0: Ball 1-0: Ball Roberto Magne steals 2nd base 2-0: Called Strike 2-1: Swinging Strike 2-2: Ground out 4-3 (Groundball, 34D, EV 102.5 MPH) Roberto Magne to third
|
Batting: LHB Helge Jivotovsky
|
0-0: Called Strike 0-1: Ball 1-1: Foul Ball, location: 2F 1-2: Ball 2-2: Foul Ball, location: 2F 2-2: Ball 3-2: Ground out 4-3 (Groundball, 34, EV 101.9 MPH)
|
Bottom of the 1st over - 0 runs, 1 hit, 0 errors, 1 left on base; Memphis 0 - Las Vegas 0 |
TOP OF THE 2ND |
Memphis Redbirds batting - Pitching for Las Vegas 51s : RHP Felipe Hinojosa
|
Batting: LHB Melvin Salgado
|
0-0: Ball 1-0: Called Strike 1-1: Called Strike 1-2: Foul Ball, location: 2F 1-2: Ball 2-2: Foul Ball, location: 2F 2-2: Ball 3-2: Base on Balls
|
Batting: RHB Nick Gentzel
|
0-0: Foul Ball, location: 2F 0-1: Ball 1-1: Ball 2-1: Reached on error, E6 (Groundball, 6, EV 81.9 MPH) Melvin Salgado to second
|
Batting: SHB Quido van Erp
|
0-0: Swinging Strike 0-1: Ball 1-1: Foul Ball, location: 2F 1-2: Strikes out looking
|
Batting: LHB Jesus Ramirez
|
0-0: Called Strike 0-1: Ball 1-1: Called Strike 1-2: Strikes out swinging
|
Batting: RHB Roberto Lemus
|
0-0: Ball 1-0: Called Strike 1-1: Called Strike 1-2: Ball 2-2: Ball 3-2: Base on Balls Melvin Salgado to third Nick Gentzel to second
|
Batting: RHB Tony Mendez
|
0-0: Called Strike 0-1: Fly out, F9 (Flyball, 9LM, EV 90.0 MPH)
|
Top of the 2nd over - 0 runs, 0 hits, 1 error, 3 left on base; Memphis 0 - Las Vegas 0 |
BOTTOM OF THE 2ND |
Las Vegas 51s batting - Pitching for Memphis Redbirds : RHP Elijah Daniels
|
Batting: LHB Marc Durgin
|
0-0: Called Strike 0-1: Ball 1-1: Swinging Strike 1-2: Ball 2-2: Ball 3-2: SINGLE (Line Drive, 7S, EV 106.9 MPH)
|
Batting: LHB Ben Goldstein
|
0-0: Swinging Strike 0-1: Grounds into double play, 6-4-3 (Groundball, 56, EV 76.9 MPH)
|
Batting: RHB Masaya Nakamura
|
0-0: Called Strike 0-1: Foul Ball, location: 2F 0-2: Ground out 5-3 (Groundball, 5L, EV 100.6 MPH)
|
Bottom of the 2nd over - 0 runs, 1 hit, 0 errors, 0 left on base; Memphis 0 - Las Vegas 0 |
TOP OF THE 3RD |
Memphis Redbirds batting - Pitching for Las Vegas 51s : RHP Felipe Hinojosa
|
Batting: SHB Luke Robbins
|
0-0: Ball 1-0: Bunt missed! 1-1: Ball 2-1: Swinging Strike 2-2: Foul Ball, location: 2F 2-2: Foul Ball, location: 2F 2-2: Foul Ball, location: 2F 2-2: Ground out 4-3 (Groundball, 34D, EV 98.1 MPH)
|
Batting: LHB Tom Butterbaugh
|
0-0: Called Strike 0-1: Ball 1-1: Foul Ball, location: 2F 1-2: Ball 2-2: Ball 3-2: Base on Balls
|
Batting: RHB Eric Chotkowski
|
0-0: Fielders Choice at 2nd, 3-6 (Groundball, 34, EV 105.6 MPH)
|
Batting: LHB Melvin Salgado
|
0-0: Ball 1-0: Ground out U3 (Groundball, 3L, EV 86.9 MPH)
|
Top of the 3rd over - 0 runs, 0 hits, 0 errors, 1 left on base; Memphis 0 - Las Vegas 0 |
BOTTOM OF THE 3RD |
Las Vegas 51s batting - Pitching for Memphis Redbirds : RHP Elijah Daniels
|
Batting: RHB Yoshiro Higuchi
|
0-0: Ball 1-0: Ball 2-0: Fly out, F7 (Flyball, 7LS, EV 88.8 MPH)
|
Batting: RHB Adam Mason
|
0-0: Fly out, F8 (Flyball, 78D, EV 96.9 MPH)
|
Batting: RHB Jordan Martin
|
0-0: Ball 1-0: Foul Ball, location: 2F 1-1: Called Strike 1-2: Foul Ball, location: 2F 1-2: Ball 2-2: Ball 3-2: DOUBLE (Line Drive, 7LS, EV 108.1 MPH)
|
Batting: SHB Roberto Magne
|
0-0: Ball 1-0: Ball 2-0: Foul Ball, location: 2F 2-1: Foul Ball, location: 2F 2-2: Fly out, F8 (Flyball, 8LS, EV 93.1 MPH)
|
Bottom of the 3rd over - 0 runs, 1 hit, 0 errors, 1 left on base; Memphis 0 - Las Vegas 0 |
TOP OF THE 4TH |
Memphis Redbirds batting - Pitching for Las Vegas 51s : RHP Felipe Hinojosa
|
Batting: RHB Nick Gentzel
|
0-0: Called Strike 0-1: Ball 1-1: Foul Ball, location: 2F 1-2: Foul Ball, location: 2F 1-2: Ball 2-2: Strikes out looking
|
Batting: SHB Quido van Erp
|
0-0: Ball 1-0: Foul Ball, location: 2F 1-1: Foul Ball, location: 2F 1-2: SINGLE (Groundball, 5S, EV 71.3 MPH) (infield hit)
|
Batting: LHB Jesus Ramirez
|
0-0: Called Strike 0-1: Ball 1-1: Ball Quido van Erp steals 2nd base 2-1: SINGLE (Groundball, 6D, EV 110.6 MPH) Quido van Erp to third Runner from 3rd tries for Home, SAFE, throw by CF to home Jesus Ramirez to second
|
Batting: RHB Roberto Lemus
|
0-0: Ground out 6-3 (Groundball, 6, EV 86.9 MPH)
|
Batting: RHB Tony Mendez
|
0-0: Ball 1-0: Ball 2-0: Called Strike 2-1: Foul Ball, location: 2F 2-2: Foul Ball, location: 2F 2-2: Ball 3-2: Base on Balls
|
Batting: SHB Luke Robbins
|
0-0: Ball 1-0: Fly out, F7 (Flyball, 7, EV 87.5 MPH)
|
Top of the 4th over - 1 run, 2 hits, 0 errors, 2 left on base; Memphis 1 - Las Vegas 0 |
BOTTOM OF THE 4TH |
Las Vegas 51s batting - Pitching for Memphis Redbirds : RHP Elijah Daniels
|
Batting: SHB Josh Schultze
|
0-0: Called Strike 0-1: DOUBLE (Flyball, 89XD, EV 97.5 MPH)
|
Batting: LHB Helge Jivotovsky
|
0-0: Fly out, F8 (Flyball, 8RS, EV 81.3 MPH)
|
Batting: LHB Marc Durgin
|
0-0: Ball 1-0: Called Strike 1-1: Swinging Strike 1-2: Foul Ball, location: 2F 1-2: Strikes out swinging
|
Batting: LHB Ben Goldstein
|
0-0: Foul Ball, location: 2F 0-1: Foul Ball, location: 2F 0-2: Ground out U3 (Groundball, 34S, EV 86.9 MPH)
|
Bottom of the 4th over - 0 runs, 1 hit, 0 errors, 1 left on base; Memphis 1 - Las Vegas 0 |
TOP OF THE 5TH |
Memphis Redbirds batting - Pitching for Las Vegas 51s : RHP Felipe Hinojosa
|
Batting: LHB Tom Butterbaugh
|
0-0: Ball 1-0: Foul Ball, location: 2F 1-1: Foul Ball, location: 2F 1-2: Ball 2-2: Foul Ball, location: 2F 2-2: Foul Ball, location: 2F 2-2: Ball 3-2: Foul Ball, location: 2F 3-2: Ground out 5-3 (Groundball, 6S, EV 76.3 MPH)
|
Batting: RHB Eric Chotkowski
|
0-0: Ball 1-0: Ball 2-0: Called Strike 2-1: Ball 3-1: Swinging Strike 3-2: Base on Balls
|
Batting: LHB Melvin Salgado
|
0-0: Swinging Strike 0-1: Fly out, F8 (Flyball, 8LD, EV 86.9 MPH)
|
Batting: RHB Nick Gentzel
|
0-0: Foul Ball, location: 2F 0-1: Ball 1-1: Ball 2-1: Ball 3-1: 2-RUN HOME RUN (Flyball, 9D, EV 93.8 MPH), Distance : 366 ft
|
Batting: SHB Quido van Erp
|
0-0: Called Strike 0-1: Ball 1-1: Swinging Strike 1-2: Foul Ball, location: 2F 1-2: Ball 2-2: Foul Ball, location: 2F 2-2: Ball 3-2: Foul Ball, location: 2F 3-2: Foul Ball, location: 2F 3-2: Base on Balls
|
Pitching: RHP Eric Dighton
|
|
Batting: LHB Jesus Ramirez
|
0-0: Called Strike 0-1: Fly out, F8 (Flyball, 78M, EV 92.5 MPH)
|
Top of the 5th over - 2 runs, 1 hit, 0 errors, 1 left on base; Memphis 3 - Las Vegas 0 |
BOTTOM OF THE 5TH |
Las Vegas 51s batting - Pitching for Memphis Redbirds : RHP Elijah Daniels
|
Batting: RHB Masaya Nakamura
|
0-0: Ball 1-0: Fly out, F3 (Popup, 34S, EV 78.1 MPH)
|
Batting: RHB Yoshiro Higuchi
|
0-0: Ball 1-0: Ball 2-0: Ball 3-0: Ground out 4-3 (Groundball, 34D, EV 81.3 MPH)
|
Batting: RHB Adam Mason
|
0-0: Ball 1-0: Ground out 6-3 (Groundball, 6, EV 98.1 MPH)
|
Bottom of the 5th over - 0 runs, 0 hits, 0 errors, 0 left on base; Memphis 3 - Las Vegas 0 |
TOP OF THE 6TH |
Memphis Redbirds batting - Pitching for Las Vegas 51s : RHP Eric Dighton
|
Batting: RHB Roberto Lemus
|
0-0: Called Strike 0-1: Ball 1-1: SINGLE (Groundball, 56D, EV 111.3 MPH)
|
Batting: RHB Tony Mendez
|
0-0: Called Strike 0-1: Called Strike Roberto Lemus steals 2nd base 0-2: Ground out 6-3 (Groundball, 6, EV 104.4 MPH)
|
Batting: SHB Luke Robbins
|
0-0: Ground out 5-3 (Groundball, 56, EV 83.8 MPH)
|
Batting: LHB Tom Butterbaugh
|
0-0: Called Strike 0-1: Swinging Strike 0-2: Ball 1-2: Strikes out swinging
|
Top of the 6th over - 0 runs, 1 hit, 0 errors, 1 left on base; Memphis 3 - Las Vegas 0 |
BOTTOM OF THE 6TH |
Las Vegas 51s batting - Pitching for Memphis Redbirds : RHP Elijah Daniels
|
Batting: RHB Jordan Martin
|
0-0: Called Strike 0-1: Ball 1-1: Ground out 6-3 (Groundball, 6, EV 90.0 MPH)
|
Batting: SHB Roberto Magne
|
0-0: Foul Ball, location: 2F 0-1: Ball 1-1: Called Strike 1-2: Foul Ball, location: 2F 1-2: Ball 2-2: Strikes out swinging
|
Batting: SHB Josh Schultze
|
0-0: Ball 1-0: Swinging Strike 1-1: Swinging Strike 1-2: SOLO HOME RUN (Line Drive, 89XD, EV 106.9 MPH), Distance : 418 ft
|
Batting: LHB Helge Jivotovsky
|
0-0: Called Strike 0-1: SOLO HOME RUN (Flyball, 9LD, EV 91.9 MPH), Distance : 347 ft
|
Batting: LHB Marc Durgin
|
0-0: Ball 1-0: Foul Ball, location: 2F 1-1: Ball 2-1: Foul Ball, location: 2F 2-2: Strikes out swinging, 2-3 out at first.
|
Bottom of the 6th over - 2 runs, 2 hits, 0 errors, 0 left on base; Memphis 3 - Las Vegas 2 |
TOP OF THE 7TH |
Memphis Redbirds batting - Pitching for Las Vegas 51s : RHP Eric Dighton
|
Batting: RHB Eric Chotkowski
|
0-0: Swinging Strike 0-1: Called Strike 0-2: Ball 1-2: Strikes out looking
|
Batting: LHB Melvin Salgado
|
0-0: Ball 1-0: Called Strike 1-1: Ball 2-1: Ball 3-1: Called Strike 3-2: Base on Balls
|
Batting: RHB Nick Gentzel
|
0-0: Swinging Strike 0-1: Fielders Choice at 2nd, 1-4 (Groundball, 15S, EV 73.8 MPH)
|
Batting: SHB Quido van Erp
|
0-0: Ball Nick Gentzel steals 2nd, throwing error, E2 Nick Gentzel to third 1-0: Ground out 6-3 (Groundball, 6, EV 102.5 MPH)
|
Top of the 7th over - 0 runs, 0 hits, 1 error, 1 left on base; Memphis 3 - Las Vegas 2 |
BOTTOM OF THE 7TH |
Las Vegas 51s batting - Pitching for Memphis Redbirds : RHP Elijah Daniels
|
Batting: LHB Ben Goldstein
|
0-0: Called Strike 0-1: DOUBLE (Line Drive, 8RXD, EV 105.0 MPH)
|
Pinch Hitting: LHB Adam Hairston
|
0-0: Swinging Strike 0-1: Ball 1-1: Foul Ball, location: 2F 1-2: Fly out, F9 (Flyball, 9D, EV 98.8 MPH) Runner from 2nd tags up, SAFE at 3rd, no throw by RF
|
Pinch Hitting: LHB Joey Biber
|
0-0: Called Strike 0-1: Ground out U3 (Groundball, 3, EV 76.3 MPH)
|
Batting: RHB Adam Mason
|
0-0: Ball 1-0: Ball 2-0: Foul Ball, location: 2F 2-1: Foul Ball, location: 2F 2-2: Strikes out swinging
|
Bottom of the 7th over - 0 runs, 1 hit, 0 errors, 1 left on base; Memphis 3 - Las Vegas 2 |
TOP OF THE 8TH |
Memphis Redbirds batting - Pitching for Las Vegas 51s : RHP Eric Dighton
|
Pitching: RHP Ian Daniels
|
|
Now at 1B: Ben Goldstein
|
|
Now at SS: Adam Hairston
|
|
Now in RF: Joey Biber
|
|
Batting: LHB Jesus Ramirez
|
0-0: Foul Ball, location: 2F 0-1: Foul Ball, location: 2F 0-2: Ball 1-2: Strikes out swinging
|
Batting: RHB Roberto Lemus
|
0-0: SINGLE (Line Drive, 7LS, EV 103.8 MPH)
|
Batting: RHB Tony Mendez
|
0-0: Ball Roberto Lemus is caught stealing 2nd base 2-4 1-0: Called Strike 1-1: Swinging Strike 1-2: Strikes out swinging
|
Top of the 8th over - 0 runs, 1 hit, 0 errors, 0 left on base; Memphis 3 - Las Vegas 2 |
BOTTOM OF THE 8TH |
Las Vegas 51s batting - Pitching for Memphis Redbirds : RHP Elijah Daniels
|
Batting: RHB Jordan Martin
|
0-0: Ground out 6-3 (Groundball, 6, EV 87.5 MPH)
|
Batting: SHB Roberto Magne
|
0-0: Ball 1-0: Ball 2-0: Foul Ball, location: 2F 2-1: Ball 3-1: DOUBLE (Flyball, 8LXD, EV 101.9 MPH)
|
Pitching: RHP Josh Hoeye
|
|
Batting: SHB Josh Schultze
|
0-0: Ball 1-0: Ball 2-0: Ball 3-0: Ground out 1-3 (Groundball, 34S, EV 70.6 MPH) Roberto Magne to third
|
Batting: LHB Helge Jivotovsky
|
0-0: Ball Passed Ball! Roberto Magne scores 1-0: Ground out 4-3 (Groundball, 4, EV 82.5 MPH)
|
Bottom of the 8th over - 1 run, 1 hit, 0 errors, 0 left on base; Memphis 3 - Las Vegas 3 |
TOP OF THE 9TH |
Memphis Redbirds batting - Pitching for Las Vegas 51s : RHP Ian Daniels
|
Batting: SHB Luke Robbins
|
0-0: Called Strike 0-1: Ball 1-1: Fly out, F9 (Flyball, 9LM, EV 106.9 MPH)
|
Batting: LHB Tom Butterbaugh
|
0-0: Foul Ball, location: 2F 0-1: Called Strike 0-2: Ball 1-2: Foul Ball, location: 2F 1-2: Strikes out swinging
|
Batting: RHB Eric Chotkowski
|
0-0: Called Strike 0-1: Ball 1-1: Ground out U3 (Groundball, 13, EV 89.4 MPH)
|
Top of the 9th over - 0 runs, 0 hits, 0 errors, 0 left on base; Memphis 3 - Las Vegas 3 |
BOTTOM OF THE 9TH |
Las Vegas 51s batting - Pitching for Memphis Redbirds : RHP Josh Hoeye
|
Batting: LHB Marc Durgin
|
0-0: Called Strike 0-1: Ball 1-1: Ball 2-1: Foul Ball, location: 2F 2-2: Foul Ball, location: 2F 2-2: Strikes out swinging
|
Batting: LHB Ben Goldstein
|
0-0: Ball 1-0: Called Strike 1-1: Called Strike 1-2: Foul Ball, location: 2F 1-2: Ball 2-2: Strikes out looking
|
Batting: LHB Adam Hairston
|
0-0: Swinging Strike 0-1: Swinging Strike 0-2: Ball 1-2: Ball 2-2: Ground out 6-3 (Groundball, 56, EV 97.5 MPH)
|
Bottom of the 9th over - 0 runs, 0 hits, 0 errors, 0 left on base; Memphis 3 - Las Vegas 3 |
TOP OF THE 10TH |
Memphis Redbirds batting - Pitching for Las Vegas 51s : RHP Ian Daniels
|
Batting: LHB Melvin Salgado
|
0-0: Called Strike 0-1: Ball 1-1: Ball 2-1: Called Strike 2-2: Foul Ball, location: 2F 2-2: Ground out 4-3 (Groundball, 13, EV 89.4 MPH)
|
Now at 2B: Phil Lomax
|
|
Batting: RHB Nick Gentzel
|
0-0: Fly out, F9 (Flyball, 89S, EV 87.5 MPH)
|
Batting: SHB Quido van Erp
|
0-0: Ball 1-0: Ball 2-0: Fly out, F8 (Flyball, 8RS, EV 93.1 MPH)
|
Top of the 10th over - 0 runs, 0 hits, 0 errors, 0 left on base; Memphis 3 - Las Vegas 3 |
BOTTOM OF THE 10TH |
Las Vegas 51s batting - Pitching for Memphis Redbirds : RHP Josh Hoeye
|
Pitching: RHP Rodolfo Mendez
|
|
Batting: LHB Joey Biber
|
0-0: Called Strike 0-1: Foul Ball, location: 2F 0-2: Ground out 5-3 (Groundball, 5L, EV 90.6 MPH)
|
Pinch Hitting: SHB Billy Encinias
|
0-0: Called Strike 0-1: Foul Ball, location: 2F 0-2: Strikes out swinging
|
Batting: LHB Phil Lomax
|
0-0: Swinging Strike 0-1: Foul Ball, location: 2F 0-2: SINGLE (Groundball, 34D, EV 106.9 MPH) (infield hit)
|
Batting: SHB Roberto Magne
|
0-0: Called Strike 0-1: Swinging Strike 0-2: Strikes out swinging
|
Bottom of the 10th over - 0 runs, 1 hit, 0 errors, 1 left on base; Memphis 3 - Las Vegas 3 |
TOP OF THE 11TH |
Memphis Redbirds batting - Pitching for Las Vegas 51s : RHP Ian Daniels
|
Now at C: Billy Encinias
|
|
Batting: LHB Jesus Ramirez
|
0-0: Ball 1-0: Swinging Strike 1-1: Swinging Strike 1-2: Fly out, F7 (Flyball, 7D, EV 96.9 MPH)
|
Batting: RHB Roberto Lemus
|
0-0: Ball 1-0: Ball 2-0: Ball 3-0: Called Strike 3-1: Called Strike 3-2: Base on Balls
|
Pitching: RHP Justin Overlie
|
|
Pinch Hitting: LHB Mark Buchholz
|
0-0: Ball 1-0: Called Strike Roberto Lemus steals 2nd base (no throw) 1-1: Called Strike 1-2: Strikes out looking
|
Batting: SHB Luke Robbins
|
0-0: Ball 1-0: Called Strike 1-1: Foul Ball, location: 2F 1-2: Strikes out swinging
|
Top of the 11th over - 0 runs, 0 hits, 0 errors, 1 left on base; Memphis 3 - Las Vegas 3 |
BOTTOM OF THE 11TH |
Las Vegas 51s batting - Pitching for Memphis Redbirds : RHP Rodolfo Mendez
|
Now at C: Colin Boddy
|
|
Batting: SHB Josh Schultze
|
0-0: Foul Ball, location: 2F 0-1: Ball 1-1: Called Strike 1-2: Ball 2-2: Foul Ball, location: 2F 2-2: Strikes out swinging
|
Batting: LHB Helge Jivotovsky
|
0-0: Ball 1-0: Foul Ball, location: 2F 1-1: SINGLE (Groundball, 15S, EV 62.5 MPH) (infield hit)
|
Batting: LHB Marc Durgin
|
0-0: Swinging Strike 0-1: Foul Ball, location: 2F 0-2: Ball 1-2: Ball 2-2: Foul Ball, location: 2F 2-2: Strikes out swinging
|
Pitching: RHP Yasushi Osumi
|
|
Batting: LHB Ben Goldstein
|
0-0: Ball 1-0: Ball 2-0: Ball 3-0: Called Strike 3-1: SINGLE (Groundball, 56D, EV 105.0 MPH) (infield hit) Helge Jivotovsky to second
|
Pinch Runner at 2nd Leon Edwards:
|
|
Batting: LHB Adam Hairston
|
0-0: Called Strike 0-1: Foul Ball, location: 2F 0-2: Ball 1-2: Strikes out looking
|
Bottom of the 11th over - 0 runs, 2 hits, 0 errors, 2 left on base; Memphis 3 - Las Vegas 3 |
TOP OF THE 12TH |
Memphis Redbirds batting - Pitching for Las Vegas 51s : RHP Justin Overlie
|
Now in LF: Mike Titus
|
|
Batting: LHB Tom Butterbaugh
|
0-0: Ball 1-0: Foul Ball, location: 2F 1-1: Ball 2-1: Foul Ball, location: 2F 2-2: Foul Ball, location: 2F 2-2: Foul Ball, location: 2F 2-2: Ball 3-2: Foul Ball, location: 2F 3-2: Foul Ball, location: 2F 3-2: Base on Balls
|
Batting: RHB Eric Chotkowski
|
0-0: Swinging Strike 0-1: Ball 1-1: Fielders Choice at 2nd, 4-6 (Groundball, 34, EV 85.6 MPH)
|
Batting: LHB Melvin Salgado
|
0-0: Foul Ball, location: 2F 0-1: SINGLE (Groundball, 34D, EV 101.9 MPH) Eric Chotkowski to second Runner from 2nd tries for 3rd, SAFE, throw by RF made to third
|
Batting: RHB Nick Gentzel
|
0-0: Ball 1-0: Called Strike 1-1: Ball 2-1: Foul Ball, location: 2F 2-2: Ball 3-2: Base on Balls Melvin Salgado to second
|
Batting: SHB Quido van Erp
|
0-0: Called Strike 0-1: Called Strike 0-2: Strikes out swinging
|
Batting: LHB Jesus Ramirez
|
0-0: GRAND SLAM HOME RUN (Flyball, 9D, EV 96.3 MPH), Distance : 372 ft
|
Pitching: RHP Paul Schaecher
|
|
Batting: RHB Roberto Lemus
|
0-0: Ball 1-0: Ground out 1-3 (Groundball, 13S, EV 66.3 MPH)
|
Top of the 12th over - 4 runs, 2 hits, 0 errors, 0 left on base; Memphis 7 - Las Vegas 3 |
BOTTOM OF THE 12TH |
Las Vegas 51s batting - Pitching for Memphis Redbirds : RHP Yasushi Osumi
|
Batting: LHB Joey Biber
|
0-0: Foul Ball, location: 2F 0-1: Ball 1-1: Fly out, F8 (Line Drive, 8LD, EV 89.4 MPH)
|
Batting: SHB Billy Encinias
|
0-0: Ball 1-0: Ground out 4-3 (Groundball, 4, EV 88.1 MPH)
|
Batting: LHB Phil Lomax
|
0-0: Ball 1-0: Ball 2-0: Foul Ball, location: 2F 2-1: Swinging Strike 2-2: Foul Ball, location: 2F 2-2: Ball 3-2: Ground out 6-3 (Groundball, 6, EV 90.0 MPH)
|
Bottom of the 12th over - 0 runs, 0 hits, 0 errors, 0 left on base; Memphis 7 - Las Vegas 3 |
|